 Dungeon Crawl Stone Soup version 0.28-a0-537-g3bccd9ccbf (webtiles) character file.

Game seed: 14806551704125502812

1757 lunkers the Grappler (level 8, -1/83 HPs)
             Began as a Troll Cinder Acolyte on Sept 27, 2021.
             Was a High Priest of Ignis.
             Slain by an unseen horror (7 damage)
             ... on level 6 of the Dungeon.
             The game lasted 00:06:13 (4795 turns).

lunkers the Grappler (Troll Cinder Acolyte)         Turns: 4795, Time: 00:06:13

Health: -1/83      AC:  4    Str: 23    XL:     8   Next: 79%
Magic:  8/8        EV:  9    Int: 10    God:    Ignis [*****.]
Gold:   163        SH:  0    Dex:  7    Spells: 9/9 levels left

rFire   + . .      SeeInvis .     - Unarmed
rCold   . . .      Faith    .   (no shield)
rNeg    . . .      Spirit   .   a - +0 robe
rPois   .          Reflect  .   (helmet restricted)
rElec   .          Harm     .   (no cloak)
rCorr   .          Rampage  .   (gloves unavailable)
Will    .....                   (boots unavailable)
Stlth   +.........              (no amulet)
HPRegen 1.23/turn               (no ring)
MPRegen 0.11/turn               (no ring)

@: no status effects
A: large, unfitting armour, claws 3, regeneration 1, shaggy fur 1, tough skin 1
a: Renounce Religion, Sea of Fire, Foxfire Swarm, Rising Flame


You were on level 6 of the Dungeon.
You worshipped Ignis.
Ignis was extremely pleased with you.
You visited 1 branch of the dungeon, and saw 6 of its levels.

You collected 163 gold pieces.

Inventory:

Missiles
 k - 39 poisoned darts (quivered)
Armour
 a - a +0 robe (worn)
Jewellery
 s - a ring of see invisible
 v - an amulet of magic regeneration
Wands
 n - a wand of flame (19)
Scrolls
 d - a scroll of summoning {unknown}
 e - a scroll of torment {unknown}
 f - 2 scrolls of enchant armour {unknown}
 g - 2 scrolls of immolation {unknown}
 i - 4 scrolls of identify {unknown}
 j - a scroll of blinking {unknown}
 l - 2 scrolls of noise {unknown}
 m - a scroll of fear {unknown}
 o - a scroll of amnesia {unknown}
 q - a scroll of brand weapon {unknown}
 w - 2 scrolls of teleportation {unknown}
 x - a scroll of vulnerability {unknown}
Potions
 b - a potion of cancellation {unknown}
 c - a potion of might {unknown}
 h - 2 potions of heal wounds {unknown}
 p - a potion of degeneration {unknown}
 r - a potion of berserk rage
 t - a potion of haste {unknown}
 u - a potion of curing {unknown}
 z - a potion of lignification {unknown}


   Skills:
 + Level 6.0 Fighting
 * Level 9.8 Unarmed Combat
 - Level 1.0 Spellcasting
 - Level 2.1 Fire Magic


You had 9 spell levels left.
You didn't know any spells.
Your spell library contained the following spells:

 Spells                   Type           Power      Damage    Failure   Level
 Scorch                   Fire           8%         2d5       22%         2
 Sublimation of Blood     Necr           0%         N/A       45%         2
 Wereblood                Tmut           0%         N/A       45%         2
 Dazzling Flash           Conj/Hex       0%         N/A       71%         3
 Frozen Ramparts          Ice            0%         1d2       71%         3
 Animate Dead             Necr           0%         N/A       98%         4
 Ice Form                 Ice/Tmut       0%         N/A       98%         4
 Iskenderun's Mystic Bla  Conj/Tloc      0%         2d3       98%         4
 Summon Ice Beast         Ice/Summ       0%         N/A       98%         4
 Starburst                Conj/Fire      1%         6d3       100%        6
 Haunt                    Necr/Summ      0%         N/A       100%        7
 Summon Hydra             Summ           0%         N/A       100%        7
 Infestation              Necr           0%         N/A       100%        8


Dungeon Overview and Level Annotations

Branches:
Dungeon (6/15)             Temple (0/1) D:4

Altars:
Okawaru
Trog
Wu Jian
The Shining One


Innate Abilities, Weirdness & Mutations

You are too large for most types of armour.
You have claws for hands.
Your natural rate of healing is unusually fast.
You are covered in fur. (AC +1)
You have tough skin. (AC +1)


Message History

No target in view!
No target in view!
You see here a +0 ring mail.
You see here a +0 ring mail.
You open the door.
Found 16 arrows and a smoky white potion.
There is an open door here.
There is a strange disturbance nearby!
There is a strange disturbance nearby!
There is a strange disturbance nearby!
Something hits you.
Deactivating autopickup; reactivate with Ctrl-A.
Something hits you. Something hits you! Something hits you. Something hits you.
Something hits you! Something hits you!
* * * LOW HITPOINT WARNING * * *
Something hits you.
* * * LOW HITPOINT WARNING * * *
Something hits you!
* * * LOW HITPOINT WARNING * * *
Something hits you but does no damage. Something hits you.
* * * LOW HITPOINT WARNING * * *
You scratch something. Something hits you.
* * * LOW HITPOINT WARNING * * *
You miss something. Something hits you.
* * * LOW HITPOINT WARNING * * *
Something hits you!
* * * LOW HITPOINT WARNING * * *
Something hits you!
* * * LOW HITPOINT WARNING * * *
You scratch something. Something hits you.
* * * LOW HITPOINT WARNING * * *
Something hits you.
* * * LOW HITPOINT WARNING * * *
You closely miss something. Something hits you!
You die...

#..<...##.......
....##########.......
#........... #.......
#+##........... #.......
..............) #.......
.............(..#.......
................#.......
....###.........'......(
. #.#!#@#.......#.......
..#.###.#......##......>
........#......##.......
...+....#...............
.. #....#...............
. #....#...............
#....#[..........##..
#....'...........####
#....#............'..


There were no monsters in sight!

Vanquished Creatures
  A kobold demonologist (D:6)
  A steam dragon (D:6)
  A black bear (D:2)
  2 ogres (D:5)
  A centaur (D:5)
  2 phantoms
  A bullfrog (D:6)
  A scorpion (D:4)
  A water moccasin skeleton (D:4)
  3 wights (D:5)
  A bullfrog zombie (D:5)
  A bullfrog skeleton (D:6)
  A jelly (D:4)
  An orc priest (D:2)
  2 hounds
  A centaur skeleton (D:5)
  A gnoll shaman (D:5)
  3 iguanas (D:5)
  2 orc wizards (D:6)
  A hound zombie (D:5)
  3 gnolls (D:5)
  A howler monkey skeleton (D:5)
  5 adders
  An ufetubus (D:5)
  2 worms
  A dart slug (D:3)
  15 orcs
  9 ball pythons
  3 endoplasms
  2 giant cockroaches
  5 goblins
  8 hobgoblins
  3 jackals (D:3)
  6 kobolds
  2 quokkas
  6 bats
  4 frilled lizards
  14 rats
118 creatures vanquished.

Vanquished Creatures (others)
  An orc (D:6)
  A plant (D:1)
2 creatures vanquished.

Grand Total: 120 creatures vanquished

Notes
Turn   | Place    | Note
-------+----------+-------------------------------------------
     0 | D:1      | lunkers the Troll Cinder Acolyte began the quest for the
                  | Orb.
     0 | D:1      | Reached XP level 1. HP: 22/22 MP: 1/1
   166 | D:1      | Reached XP level 2. HP: 29/29 MP: 2/2
   654 | D:2      | Noticed a black bear
   663 | D:2      | HP: 1/29 [black bear (5)]
   664 | D:2      | Killed a black bear
   665 | D:2      | Reached skill level 4 in Unarmed Combat
   665 | D:2      | Reached XP level 3. HP: 3/37 MP: 3/3
   665 | D:2      | Reached XP level 4. HP: 4/45 MP: 4/4
   794 | D:2      | Reached skill level 5 in Unarmed Combat
   851 | D:2      | Reached XP level 5. HP: 53/53 MP: 5/5
  1164 | D:2      | Found a faded altar of an unknown god.
  2111 | D:3      | Found an iron altar of Okawaru.
  2111 | D:3      | Found a bloodstained altar of Trog.
  2522 | D:4      | Found a glowing golden altar of the Shining One.
  2768 | D:4      | Reached XP level 6. HP: 50/62 MP: 6/6
  2870 | D:4      | Found a staircase to the Ecumenical Temple.
  2940 | D:4      | Reached skill level 6 in Unarmed Combat
  3638 | D:5      | Entered Level 5 of the Dungeon
  3657 | D:5      | Reached XP level 7. HP: 70/70 MP: 7/7
  3702 | D:5      | Reached skill level 7 in Unarmed Combat
  3986 | D:5      | Reached skill level 8 in Unarmed Combat
  4071 | D:5      | Reached skill level 5 in Fighting
  4081 | D:5      | Reached XP level 8. HP: 80/80 MP: 8/8
  4521 | D:6      | Noticed a kobold demonologist
  4535 | D:6      | Killed a kobold demonologist
  4536 | D:6      | Reached skill level 9 in Unarmed Combat
  4690 | D:6      | Found an ornate altar of the Wu Jian Council.
  4795 | D:6      | Slain by an unseen horror

Illustrated notes

Levels and vault maps discovered:
D:1:      lemuel_arrival_lava_pool, layout_basic, minivault_24,
          serial_bayou_lagoon_b
D:2:      layout_basic, chequers_ecumenical_altar_island
D:3:      layout_loops_corners, grunt_temple_overflow_bloody_war
D:4:      layout_layer_cave, mainiacjoe_overflow_concentric_impassable,
          minmay_temple_entry_from_below_a, corexii_shack
D:5:      layout_loops_cross
D:6:      layout_gridville, overflow_temple_1_default, item_on_display_a

Skill      XL: |  1  2  3  4  5  6  7  8 |
---------------+-------------------------+-----
Fighting       | 3 4 5 6 |  6.0
Unarmed Combat | 4 5 6 8 9 |  9.8
Spellcasting   | |  1.0
Fire Magic     | |  2.1

Action                   |  1- 3 |  4- 6 |  7- 9 || total
-------------------------+-------+-------+-------++-------
Melee: Unarmed           |    71 |   152 |   106 ||   329
       Punch             |       |     2 |     6 ||     8
Throw: Dart              |       |    46 |    11 ||    57
Armor: Robe              |    31 |    43 |    25 ||    99
Dodge: Dodged            |    35 |    61 |    40 ||   136

Table legend: (Time is in decaauts)
 A = Elapsed time spent in this place.
 B = Non-inter-level travel time spent in this place.
 C = Inter-level travel time spent in this place.
 D = Time resting spent in this place.
 E = Time spent auto-exploring this place.
 F = Levels seen in this place.
 G = Mean time per level.
                   A        B        C        D        E       F      G
               +--------+--------+--------+--------+--------+-----+--------+
         Total |   4789 |   4702 |     87 |     27 |   3830 |   6 |  798.2 |
       Dungeon |   4789 |   4702 |     87 |     27 |   3830 |   6 |  798.2 |
               +--------+--------+--------+--------+--------+-----+--------+

Top non-repeatable levels by time:
     D:4: 1169 daAuts
     D:2: 965 daAuts
     D:5: 845 daAuts
     D:3: 836 daAuts
     D:1: 678 daAuts
     D:6: 294 daAuts
